Workbook

Sheet Matriz de consultas
B4: Presupuesto de la Superintendencia General de Entidades Financieras para el año 2027
B5: (Consulta a supervisados)
B7: CÓDIGO | C7: OBJETO DEL GASTO | D7: DETALLE | E7: PRESUPUESTO AÑO 2027 | F7: PRESUPUESTO AÑO 2026 | G7: DIFERENCIA ABSOLUTA | H7: VARIACIÓN PORCENTUAL | I7: Observaciones de los supervisados | J7: Análisis de las observaciones
B8: 0 | C8: REMUNERACIONES | E8: =SUM(E9:E26) -> 1.1109732e+10 | F8: =SUM(F9:F26) -> 1.0363948e+10 | G8: =E8-F8 -> 7.4578413e+08 | H8: =IF(F8=0,IF(E8=0,0,1),(E8-F8)/F8) -> 0.071959466
B9: 0.01.01 | C9: Sueldos para cargos fijos | D9: Remuneración básica o salario base que se otorga al personal, permanente o interino por la prestación de servicios, de acuerdo con la naturaleza del trabajo, grado de especialización y la responsabilidad asignada al puesto o nivel jerárquico correspondiente, con sujeción a las regulaciones de las leyes laborales vigentes. | E9: 6.3588079e+09 | F9: 5.697549e+09 | G9: =E9-F9 -> 6.6125885e+08 | H9: =IF(F9=0,IF(E9=0,0,1),(E9-F9)/F9) -> 0.11606023
B10: 0.01.03 | C10: Servicios Especiales | D10: Remuneración básica o salario base que se otorga al personal profesional, técnico o administrativo contratado para realizar trabajos de carácter especial y temporal, que mantiene una relación laboral por un período determinado. | E10: 0 | F10: 0 | G10: =E10-F10 -> 0 | H10: =IF(F10=0,IF(E10=0,0,1),(E10-F10)/F10) -> 0
B11: 0.02.01 | C11: Tiempo extraordinario | D11: Retribución eventual al personal que presta sus servicios en horas que exceden su jornada ordinaria de trabajo, cuando circunstancias o situaciones de naturaleza extraordinaria de la entidad así lo requieran, ajustándose a las disposiciones legales y técnicas vigentes. | E11: 20000000 | F11: 20000000 | G11: =E11-F11 -> 0 | H11: =IF(F11=0,IF(E11=0,0,1),(E11-F11)/F11) -> 0
B12: 0.02.02 | C12: Recargo de funciones | D12: Diferencias salariales que se reconocen a los funcionarios en forma adicional a su salario habitual, que se derivan del reconocimiento por asumir en forma temporal los deberes y responsabilidades de un cargo de nivel superior por ausencia de su titular. | E12: 20000000 | F12: 20000000 | G12: =E12-F12 -> 0 | H12: =IF(F12=0,IF(E12=0,0,1),(E12-F12)/F12) -> 0
B13: 0.03.01 | C13: Retribuciones por años de servicio | D13: Reconocimientos adicionales que la institución destina como remuneración a sus trabajadores por concepto de años laborados en el sector público y de acuerdo con lo que establece el ordenamiento jurídico correspondiente. | E13: 7.3573418e+08 | F13: 843416214 | G13: =E13-F13 -> -1.0768203e+08 | H13: =IF(F13=0,IF(E13=0,0,1),(E13-F13)/F13) -> -0.12767366
B14: 0.03.02 | C14: Restricciones al ejercicio liberal de la profesión | D14: Compensación económica al servidor al que por legislación vigente se le ha impuesto restricción al ejercicio de la profesión que ostenta en su cargo. | E14: 29249104 | F14: 29249104 | G14: =E14-F14 -> 0 | H14: =IF(F14=0,IF(E14=0,0,1),(E14-F14)/F14) -> 0
B15: 0.03.03 | C15: Decimotercer mes | D15: Retribución extraordinaria de un mes de salario adicional o proporcional al tiempo laboral que otorga la institución por una sola vez, cada fin de año, a todos sus trabajadores. | E15: 660527274 | F15: 6.1473544e+08 | G15: =E15-F15 -> 45791839 | H15: =IF(F15=0,IF(E15=0,0,1),(E15-F15)/F15) -> 0.074490319
B16: 0.03.04 | C16: Salario escolar | D16: Retribución salarial que consiste en un porcentaje calculado sobre el salario nominal mensual de cada trabajador. Dicho porcentaje se paga en forma acumulada en el mes de enero siguiente de cada año y se rige de conformidad con lo que disponga el ordenamiento jurídico correspondiente. | E16: 6.0949235e+08 | F16: 5.6723857e+08 | G16: =E16-F16 -> 42253784 | H16: =IF(F16=0,IF(E16=0,0,1),(E16-F16)/F16) -> 0.074490323
B17: 0.03.99 | C17: Otros incentivos salariales | D17: Remuneraciones salariales no enunciadas en las subpartidas anteriores, caracterizadas principalmente por constituir erogaciones adicionales al salario base del personal que labora al servicio de la entidad, de acuerdo con la normativa jurídica y técnica que lo autorice. | E17: 1.5304369e+08 | F17: 1.9937223e+08 | G17: =E17-F17 -> -46328535 | H17: =IF(F17=0,IF(E17=0,0,1),(E17-F17)/F17) -> -0.23237206
B18: 0.04.01 | C18: Contribución Patronal al Seguro de Salud de la CCSS | D18: Erogaciones que en condición de patronos deben destinar a aquellas instituciones que la ley señale, con el fin de que los trabajadores y familias en general, disfruten de los beneficios de la seguridad social y el desarrollo para mejorar la capacidad laboral del país, como son: el seguro de salud, la satisfacción de necesidades básicas de las familias de escasos recursos económicos, la formación y capacitación del sector público y privado. Su cálculo se efectúa en función de los salarios y otras remuneraciones que se les otorgan a los empleados. | E18: 7.3318527e+08 | F18: 6.8235633e+08 | G18: =E18-F18 -> 50828941 | H18: =IF(F18=0,IF(E18=0,0,1),(E18-F18)/F18) -> 0.074490319
B19: 0.04.02 | C19: Contribución patronal al IMAS | D19: Aporte que las instituciones del Estado en su calidad de patronos destinan al Instituto Mixto de Ayuda Social, para asignarlos a programas sociales de ese Instituto, dirigidos a satisfacer las necesidades básicas de las familias de escasos recursos económicos. | E19: 39631642 | F19: 36884133 | G19: =E19-F19 -> 2747509.1 | H19: =IF(F19=0,IF(E19=0,0,1),(E19-F19)/F19) -> 0.074490271
B20: 0.04.03 | C20: Contribución patronal al INA | D20: Aporte que las instituciones del Estado en su calidad de patronos destinan al Instituto Nacional de Aprendizaje (INA), para la formación y capacitación de los trabajadores. | E20: 1.1889492e+08 | F20: 1.1065238e+08 | G20: =E20-F20 -> 8242531.2 | H20: =IF(F20=0,IF(E20=0,0,1),(E20-F20)/F20) -> 0.074490317
... B26: 0.05.05 | C26: Contribución patronal a fondos administrados | D26: Sumas que las instituciones del Estado como patrono aportan a aquellas instituciones de carácter privado que la ley autorice para administrar fondos de asociaciones solidaristas, fondos de pensiones complementarios y otros fondos de capitalización. | E26: 3.9944357e+08 | F26: 3.9318479e+08 | G26: =E26-F26 -> 6258783 | H26: =IF(F26=0,IF(E26=0,0,1),(E26-F26)/F26) -> 0.015918172
B27: 1 | C27: SERVICIOS | E27: =SUM(E28:E55) -> 4.7128692e+09 | F27: =SUM(F28:F55) -> 4.8878386e+09 | G27: =E27-F27 -> -1.7496947e+08 | H27: =IF(F27=0,IF(E27=0,0,1),(E27-F27)/F27) -> -0.0357969
B28: 1.01.99 | C28: Otros Alquileres | D28: Pago de derechos de participación y montaje de Stands en las expo construcción y expo móvil, para atención de consultas al público en general y brindar información de primera mano al usuario del Sistema Financiero Nacional. | E28: 0 | F28: 4000000 | G28: =E28-F28 -> -4000000 | H28: =IF(F28=0,IF(E28=0,0,1),(E28-F28)/F28) -> -1
B29: 1.02.03 | C29: Servicio de correo | D29: Contempla el pago de servicio de traslado nacional e internacional de toda clase de correspondencia postal, el alquiler de apartados postales, la adquisición de estampillas, y otros servicios conexos. | E29: 200000 | F29: 200000 | G29: =E29-F29 -> 0 | H29: =IF(F29=0,IF(E29=0,0,1),(E29-F29)/F29) -> 0
B30: 1.02.04 | C30: Servicio de Telecomunicaciones | D30: Comprende el pago de servicios nacionales e internacionales necesarios para el acceso a los servicios de telefonía, a redes de información como "Internet" y otros servicios similares. | E30: 780000 | F30: 780000 | G30: =E30-F30 -> 0 | H30: =IF(F30=0,IF(E30=0,0,1),(E30-F30)/F30) -> 0
B31: 1.02.99 | C31: Otros servicios básicos | D31: Corresponde al pago de servicios básicos no considerados en los conceptos anteriores, por ejemplo, los servicios que brindan las municipalidades o el sector privado, como recolección de desechos sólidos, aseo de vías y sitios públicos, alumbrado público y otros. | E31: 50000 | F31: 50000 | G31: =E31-F31 -> 0 | H31: =IF(F31=0,IF(E31=0,0,1),(E31-F31)/F31) -> 0
B32: 1.03.01 | C32: Información | D32: Corresponde a los gastos por servicios de información que utilizan las instituciones públicas para efecto de dar a conocer asuntos de carácter oficial, de tipo administrativo, campañas de carácter culturales, educativas, científicas o técnicas. Incluye la publicación de avisos, edictos, acuerdos, reglamentos, decretos, leyes, la preparación de guiones, documentales y similares, transmitidos a través de medios de comunicación masiva, escritos, radiales, audiovisuales o cualquier otro medio. | E32: 43290000 | F32: 43290000 | G32: =E32-F32 -> 0 | H32: =IF(F32=0,IF(E32=0,0,1),(E32-F32)/F32) -> 0
B33: 1.03.02 | C33: Publicidad y propaganda | D33: Compra de materiales P.O.P. para uso en stands informativos en las expo construcción y expo móvil que estará participando la Superintendencia. | E33: 6500000 | F33: 2500000 | G33: =E33-F33 -> 4000000 | H33: =IF(F33=0,IF(E33=0,0,1),(E33-F33)/F33) -> 1.6
B34: 1.03.03 | C34: Impresión, encuadernación y otros | D34: Contempla gastos por concepto de servicios de impresión, fotocopiado, encuadernación y reproducción de revistas, libros, periódicos, comprobantes, títulos valores, especies fiscales y papelería en general utilizada en la operación propia de las instituciones. | E34: 2000000 | F34: 1000000 | G34: =E34-F34 -> 1000000 | H34: =IF(F34=0,IF(E34=0,0,1),(E34-F34)/F34) -> 1
B35: 1.03.04 | C35: Transporte de bienes | D35: Erogaciones por concepto de transporte de carga de objetos y animales, hacia el exterior, desde el exterior o dentro del territorio nacional…Comprende además el servicio de remolque. | E35: 300000 | F35: 300000 | G35: =E35-F35 -> 0 | H35: =IF(F35=0,IF(E35=0,0,1),(E35-F35)/F35) -> 0
B36: 1.03.07 | C36: Servicio de Transferencia Electrónica de Información | D36: Considera el pago de los servicios de carácter virtual tales como acceso a información especializada, cuya obtención se realiza a través de medios informáticos, telemáticos y/o electrónicos. | E36: 4366599.9 | F36: 4311703.8 | G36: =E36-F36 -> 54896.16 | H36: =IF(F36=0,IF(E36=0,0,1),(E36-F36)/F36) -> 0.012731895
B37: 1.04.01 | C37: Servicio en Ciencias de la Salud | D37: Comprende la contratación de servicios profesionales y técnicos en el campo de la salud. En este caso corresponde a la realización de pruebas de esfuerzo para los miembros de la Brigada de Emergencia. | E37: 840000 | F37: 1650000 | G37: =E37-F37 -> -810000 | H37: =IF(F37=0,IF(E37=0,0,1),(E37-F37)/F37) -> -0.49090909
B38: 1.04.02 | C38: Servicios Jurídicos | D38: Incluye los pagos por servicios profesionales y técnicos para elaborar trabajos en el campo de la abogacía y el notariado. | E38: 20100000 | F38: 20100000 | G38: =E38-F38 -> 0 | H38: =IF(F38=0,IF(E38=0,0,1),(E38-F38)/F38) -> 0
B39: 1.04.04 | C39: Servicios de gestión de Apoyo (Consultorías) | D39: Corresponde a la cancelación de servicios profesionales y técnicos para la elaboración de trabajos en las áreas de contaduría, economía, administración, finanzas, sociología, psicología y las demás áreas de las ciencias económicas y sociales. | E39: 83352444 | F39: 80452444 | G39: =E39-F39 -> 2900000 | H39: =IF(F39=0,IF(E39=0,0,1),(E39-F39)/F39) -> 0.036046139
... B55: 1.09.99 | C55: Otros Impuestos | D55: Incluye la compra de especies fiscales, el pago de impuestos sobre la propiedad de vehículos y cualquier otra erogación por concepto de impuestos no considerados en los renglones anteriores. | E55: 50000 | F55: 50000 | G55: =E55-F55 -> 0 | H55: =IF(F55=0,IF(E55=0,0,1),(E55-F55)/F55) -> 0
B56: 2 | C56: MATERIALES Y SUMINISTROS | E56: =SUM(E57:E70) -> 20723300 | F56: =SUM(F57:F70) -> 20723300 | G56: =E56-F56 -> 0 | H56: =IF(F56=0,IF(E56=0,0,1),(E56-F56)/F56) -> 0
B57: 2.01.01 | C57: Combustibles y lubricantes | D57: Abarca toda clase de sustancias, combustibles, lubricantes y aditivos de origen vegetal, animal o mineral tales como gasolina, diésel, carbón mineral, canfín, búnker, gas propano, aceite lubricante para motor, aceite de transmisión, grasas, aceite hidráulico y otros; usados generalmente en equipos de transporte, plantas eléctricas, calderas y otros. | E57: 3481800 | F57: 1200000 | G57: =E57-F57 -> 2281800 | H57: =IF(F57=0,IF(E57=0,0,1),(E57-F57)/F57) -> 1.9015
B58: 2.01.02 | C58: Productos farmacéuticos y medicinales | D58: Compra de implementos mínimos para los botiquines utilizados por la Brigada de Emergencia del edificio de los ODM (Ley 8488). | E58: 0 | F58: 120000 | G58: =E58-F58 -> -120000 | H58: =IF(F58=0,IF(E58=0,0,1),(E58-F58)/F58) -> -1
B59: 2.01.04 | C59: Tintas, pinturas y diluyentes | D59: Comprende los gastos por concepto de productos y sustancias naturales o artificiales que se emplean para teñir, pintar y dar un color determinado a un objeto, como por ejemplo: tintas de todo tipo, pinturas, barnices, esmaltes, lacas, diluyentes, removedores de pintura, entre otros. | E59: 6061500 | F59: 6061500 | G59: =E59-F59 -> 0 | H59: =IF(F59=0,IF(E59=0,0,1),(E59-F59)/F59) -> 0
B60: 2.02.03 | C60: Alimentos y bebidas | D60: Pago de los montos correspondientes a la orden de alimentación por jornada extraordinaria, de acuerdo con el Reglamento de Gastos de Viaje y de Transporte de la Contraloría y el artículo 26 de la Convención Colectiva entre el BCCR y sus trabajadores. | E60: 399999.96 | F60: 399999.96 | G60: =E60-F60 -> 0 | H60: =IF(F60=0,IF(E60=0,0,1),(E60-F60)/F60) -> 2.9103833e-16
B61: 2.03.04 | C61: Materiales y productos eléctricos, telefónicos y de cómputo | D61: Adquisición de materiales y productos que se requieren en la construcción, mantenimiento y reparación de los sistemas eléctricos, telefónicos y de cómputo. Como ejemplo se citan los siguientes: todo tipo de cable, bombillos, tubos, conectadores, uniones, cajas octogonales, toma corrientes, cajas telefónicas, memoria RAM, tarjetas para cómputo, abanicos internos de computadoras, entre otros. | E61: 100000 | F61: 100000 | G61: =E61-F61 -> 0 | H61: =IF(F61=0,IF(E61=0,0,1),(E61-F61)/F61) -> 0
B62: 2.04.02 | C62: Repuestos y accesorios | D62: Compra baterías para radios de comunicación, parches y baterías para DEA, ambos para uso en la brigada de emergencias institucional. | E62: 340000 | F62: 677500 | G62: =E62-F62 -> -337500 | H62: =IF(F62=0,IF(E62=0,0,1),(E62-F62)/F62) -> -0.49815498
B63: 2.99.01 | C63: Útiles y materiales de oficina y cómputo | D63: Comprende la adquisición de artículos que se requieren para realizar labores de oficina, de cómputo | E63: 620000 | F63: 620000 | G63: =E63-F63 -> 0 | H63: =IF(F63=0,IF(E63=0,0,1),(E63-F63)/F63) -> 0
B64: 2.99.02 | C64: Útiles y materiales médico hospitalario | D64: Comprende la adquisición de útiles y materiales no capitalizables que se utilizan en las actividades médico-quirúrgicas, de enfermería, farmacia, laboratorio e investigación en general | E64: 0 | F64: 2601050 | G64: =E64-F64 -> -2601050 | H64: =IF(F64=0,IF(E64=0,0,1),(E64-F64)/F64) -> -1
B65: 2.99.03 | C65: Productos de papel, cartón e impresos | D65: Incluye la adquisición de papel y cartón de toda clase, así como los productos que ofrece el mercado en forma estandarizada. Se citan como ejemplo: papel bond, papel periódico, sobres, papel para impresoras, cajas de cartón, papel engomado y adhesivo en sus diversas formas. También comprende todo tipo de impresos ya sea en papel o en otro material | E65: 700000 | F65: 700000 | G65: =E65-F65 -> 0 | H65: =IF(F65=0,IF(E65=0,0,1),(E65-F65)/F65) -> 0
B66: 2.99.04 | C66: Textiles y vestuario | D66: Contempla las compras de todo tipo de hilados, tejidos de fibras artificiales y naturales y prendas de vestir, incluye tanto la adquisición de los bienes terminados como los materiales para elaborarlos. | E66: 597500 | F66: 747500 | G66: =E66-F66 -> -150000 | H66: =IF(F66=0,IF(E66=0,0,1),(E66-F66)/F66) -> -0.2006689
B67: 2.99.05 | C67: Útiles y materiales de limpieza | D67: Adquisición de artículos necesarios para el aseo general, tales como bolsas plásticas, escobas, cepillos de fibras naturales y sintéticas, ceras, desinfectantes, jabón de todo tipo, papel higiénico, desodorante ambiental y cualquier otro artículo o material similar. | E67: 8297500 | F67: 6387500 | G67: =E67-F67 -> 1910000 | H67: =IF(F67=0,IF(E67=0,0,1),(E67-F67)/F67) -> 0.29902153
B68: 2.99.06 | C68: Útiles y materiales de resguardo y seguridad | D68: Compra de útiles y materiales de resguardo y seguridad utilizados por la brigada de emergencias del edificio de los ODM, Ley 8488. | E68: 0 | F68: 1003250 | G68: =E68-F68 -> -1003250 | H68: =IF(F68=0,IF(E68=0,0,1),(E68-F68)/F68) -> -1
... B70: 2.99.99 | C70: Otros útiles, materiales y suministros | D70: Incorpora la compra de útiles, materiales y suministros no incluidos en las subpartidas anteriores | E70: 50000 | F70: 30000 | G70: =E70-F70 -> 20000 | H70: =IF(F70=0,IF(E70=0,0,1),(E70-F70)/F70) -> 0.66666667
B71: 5 | C71: BIENES DURADEROS | E71: =SUM(E72:E73) -> 1.1366179e+09 | F71: =SUM(F72:F73) -> 9.292333e+08 | G71: =E71-F71 -> 2.0738461e+08 | H71: =IF(F71=0,IF(E71=0,0,1),(E71-F71)/F71) -> 0.22317819
B72: 5.01.02 | C72: Equipo de transporte | D72: Compra de dos vehículos para sustitución de activos con 14 años de antigüedad. | E72: 0 | F72: 43325600 | G72: =E72-F72 -> -43325600 | H72: =IF(F72=0,IF(E72=0,0,1),(E72-F72)/F72) -> -1
B73: 5.99.03 | C73: Bienes Intangibles | D73: Incluye la adquisición y el desarrollo de sistemas informáticos, así como de software especializado. Se contemplan en esta subpartida, las erogaciones por concepto de adiciones y mejoras a sistemas que se encuentran en operación. | E73: 1.1366179e+09 | F73: 8.859077e+08 | G73: =E73-F73 -> 2.5071021e+08 | H73: =IF(F73=0,IF(E73=0,0,1),(E73-F73)/F73) -> 0.28299811
B74: 6 | C74: TRANSFERENCIAS CORRIENTES | E74: =SUM(E75:E81) -> 314417492 | F74: =SUM(F75:F81) -> 2.5183874e+08 | G74: =E74-F74 -> 62578749 | H74: =IF(F74=0,IF(E74=0,0,1),(E74-F74)/F74) -> 0.24848738
B75: 6.02.01 | C75: Becas a funcionarios | D75: Monto que se destina en forma temporal a funcionarios para que inicien, continúen o completen sus estudios, en el país o en el exterior. Dicha suma puede cubrir parcial o totalmente el costo del estudio. Además, puede incluir los gastos de graduación. | E75: 0 | F75: 0 | G75: =E75-F75 -> 0 | H75: =IF(F75=0,IF(E75=0,0,1),(E75-F75)/F75) -> 0
B76: 6.02.02 | C76: Becas a terceras personas | D76: Suma que se destina en forma temporal a personas que no son funcionarias, para que inicien, continúen o completen sus estudios, sea en el país o en el exterior. Dicha suma puede cubrir parcial o totalmente el costo del estudio. Incluye ayudas económicas para prácticas estudiantiles que forman parte de los programas de estudio de centros de enseñanza. | E76: 1500000 | F76: 1500000 | G76: =E76-F76 -> 0 | H76: =IF(F76=0,IF(E76=0,0,1),(E76-F76)/F76) -> 0
B77: 6.02.03 | C77: Ayudas a funcionarios | D77: Suma presupuestada para el pago de ayuda por consumo eléctrico en jornada modalidad teletrabajo, todo de acuerdo con la Resolución de la Gerencia GER-RES-0069-2022 del 8/6/2022 | E77: 3000000 | F77: 2784610 | G77: =E77-F77 -> 215390 | H77: =IF(F77=0,IF(E77=0,0,1),(E77-F77)/F77) -> 0.07735015
B78: 6.03.01 | C78: Prestaciones legales | D78: Sumas que asignan las instituciones públicas para cubrir el pago por concepto de preaviso y cesantía, además de otros pagos a que tengan derecho los funcionarios una vez concluida la relación laboral con la entidad de conformidad con las regulaciones establecidas. | E78: 20000000 | F78: 20000000 | G78: =E78-F78 -> 0 | H78: =IF(F78=0,IF(E78=0,0,1),(E78-F78)/F78) -> 0
B79: 6.03.99 | C79: Subsidio por incapacidades | D79: Incluye el pago de subsidio por incapacidad y maternidad que se debe reconocer según la normativa de la Caja Costarricense del Seguro Social. | E79: 100000000 | F79: 100000000 | G79: =E79-F79 -> 0 | H79: =IF(F79=0,IF(E79=0,0,1),(E79-F79)/F79) -> 0
B80: 6.06.01 | C80: Indemnizaciones | D80: Contempla el resarcimiento económico por el daño o perjuicio causado por la institución a personas físicas o jurídicas, incluyendo las costas judiciales o cualquier gasto similar, el cual debe tener respaldo en una sentencia judicial o una resolución administrativa. Incluye la indemnización generada como producto de juicios laborales que obliga al pago de salarios caídos donde se da por concluida la relación laboral, independientemente del periodo a los cuales pertenecen. | E80: 160000000 | F80: 98325600 | G80: =E80-F80 -> 61674400 | H80: =IF(F80=0,IF(E80=0,0,1),(E80-F80)/F80) -> 0.62724662
B81: 6.07.01 | C81: Cuotas a Organismos Internacionales | D81: Aportes que las instituciones públicas nacionales otorgan a organismos de carácter internacional con cobertura en el ámbito mundial o regional, para gastos corrientes, previo compromiso legalmente formalizado, incluye las sumas que por concepto de cuotas que se trasladan a organismos internacionales | E81: 29917492 | F81: 29228533 | G81: =E81-F81 -> 688959.1 | H81: =IF(F81=0,IF(E81=0,0,1),(E81-F81)/F81) -> 0.023571457
B82: 9 | C82: Sumas sin asignación presupuestaria | E82: =E83 -> 0 | F82: =SUM(F83) -> 0 | G82: =E82-F82 -> 0 | H82: =IF(F82=0,IF(E82=0,0,1),(E82-F82)/F82) -> 0
B83: 9.02.01 | C83: Sumas libres sin asignación presupuestaria | D83: Incluye montos a los que por diversas circunstancias no se les ha dado una asignación en las partidas, grupos y subpartidas presupuestarias. | E83: 0 | F83: 0 | G83: =E83-F83 -> 0 | H83: =IF(F83=0,IF(E83=0,0,1),(E83-F83)/F83) -> 0
C84: TOTAL | E84: =SUM(E8,E27,E56,E71,E74,E82) -> 1.729436e+10 | F84: =F8+F27+F56+F71+F74+F82 -> 1.6453582e+10 | G84: =E84-F84 -> 8.4077802e+08 | H84: =IF(F84=0,IF(E84=0,0,1),(E84-F84)/F84) -> 0.0511
B88: Resumen de observaciones: No se recibieron consultas u observaciones

Sheet Comparación 2026
A1: COMPARACIÓN PRESUPUESTO 2026
A2: Cruce por código: B, D y F de la matriz actual contra B, D y E del archivo Presupuesto consulta SUGEF 2026 (consulta)v2.xlsx
A3: 77 códigos comparados | C3: 76 coincidencias | E3: 1 código faltante | G3: 0 diferencias de importe
A4: Resultado: todos los códigos compartidos coinciden en detalle e importe. El código 5.01.03 (Equipo de Comunicación) aparece en la fila 73 del archivo de referencia y no existe en la matriz actual.
A6: Código | B6: Fila actual | C6: Fila archivo | D6: Detalle D | E6: Importe F actual | F6: Importe E archivo | G6: Diferencia | H6: Resultado
A7: 0 | B7: 8 | C7: 8 | D7: Coincide | E7: ='Matriz de consultas'!F8 -> 1.0363948e+10 | F7: 1.0363948e+10 | G7: =IF(OR(E7="",F7=""),"",E7-F7) -> 0 | H7: Coincide
A8: 0.01.01 | B8: 9 | C8: 9 | D8: Coincide | E8: ='Matriz de consultas'!F9 -> 5.697549e+09 | F8: 5.697549e+09 | G8: =IF(OR(E8="",F8=""),"",E8-F8) -> 0 | H8: Coincide
A9: 0.01.03 | B9: 10 | C9: 10 | D9: Coincide | E9: ='Matriz de consultas'!F10 -> 0 | F9: 0 | G9: =IF(OR(E9="",F9=""),"",E9-F9) -> 0 | H9: Coincide
A10: 0.02.01 | B10: 11 | C10: 11 | D10: Coincide | E10: ='Matriz de consultas'!F11 -> 20000000 | F10: 20000000 | G10: =IF(OR(E10="",F10=""),"",E10-F10) -> 0 | H10: Coincide
A11: 0.02.02 | B11: 12 | C11: 12 | D11: Coincide | E11: ='Matriz de consultas'!F12 -> 20000000 | F11: 20000000 | G11: =IF(OR(E11="",F11=""),"",E11-F11) -> 0 | H11: Coincide
A12: 0.03.01 | B12: 13 | C12: 13 | D12: Coincide | E12: ='Matriz de consultas'!F13 -> 843416214 | F12: 843416214 | G12: =IF(OR(E12="",F12=""),"",E12-F12) -> 0 | H12: Coincide
A13: 0.03.02 | B13: 14 | C13: 14 | D13: Coincide | E13: ='Matriz de consultas'!F14 -> 29249104 | F13: 29249104 | G13: =IF(OR(E13="",F13=""),"",E13-F13) -> 0 | H13: Coincide
A14: 0.03.03 | B14: 15 | C14: 15 | D14: Coincide | E14: ='Matriz de consultas'!F15 -> 6.1473544e+08 | F14: 6.1473544e+08 | G14: =IF(OR(E14="",F14=""),"",E14-F14) -> 0 | H14: Coincide
A15: 0.03.04 | B15: 16 | C15: 16 | D15: Coincide | E15: ='Matriz de consultas'!F16 -> 5.6723857e+08 | F15: 5.6723857e+08 | G15: =IF(OR(E15="",F15=""),"",E15-F15) -> 0 | H15: Coincide
A16: 0.03.99 | B16: 17 | C16: 17 | D16: Coincide | E16: ='Matriz de consultas'!F17 -> 1.9937223e+08 | F16: 1.9937223e+08 | G16: =IF(OR(E16="",F16=""),"",E16-F16) -> 0 | H16: Coincide
A17: 0.04.01 | B17: 18 | C17: 18 | D17: Coincide | E17: ='Matriz de consultas'!F18 -> 6.8235633e+08 | F17: 6.8235633e+08 | G17: =IF(OR(E17="",F17=""),"",E17-F17) -> 0 | H17: Coincide
A18: 0.04.02 | B18: 19 | C18: 19 | D18: Coincide | E18: ='Matriz de consultas'!F19 -> 36884133 | F18: 36884133 | G18: =IF(OR(E18="",F18=""),"",E18-F18) -> 0 | H18: Coincide
A19: 0.04.03 | B19: 20 | C19: 20 | D19: Coincide | E19: ='Matriz de consultas'!F20 -> 1.1065238e+08 | F19: 1.1065238e+08 | G19: =IF(OR(E19="",F19=""),"",E19-F19) -> 0 | H19: Coincide
... A25: 0.05.05 | B25: 26 | C25: 26 | D25: Coincide | E25: ='Matriz de consultas'!F26 -> 3.9318479e+08 | F25: 3.9318479e+08 | G25: =IF(OR(E25="",F25=""),"",E25-F25) -> 0 | H25: Coincide
A26: 1 | B26: 27 | C26: 27 | D26: Coincide | E26: ='Matriz de consultas'!F27 -> 4.8878386e+09 | F26: 4.8878386e+09 | G26: =IF(OR(E26="",F26=""),"",E26-F26) -> 0 | H26: Coincide
A27: 1.01.99 | B27: 28 | C27: 28 | D27: Coincide | E27: ='Matriz de consultas'!F28 -> 4000000 | F27: 4000000 | G27: =IF(OR(E27="",F27=""),"",E27-F27) -> 0 | H27: Coincide
A28: 1.02.03 | B28: 29 | C28: 29 | D28: Coincide | E28: ='Matriz de consultas'!F29 -> 200000 | F28: 200000 | G28: =IF(OR(E28="",F28=""),"",E28-F28) -> 0 | H28: Coincide
A29: 1.02.04 | B29: 30 | C29: 30 | D29: Coincide | E29: ='Matriz de consultas'!F30 -> 780000 | F29: 780000 | G29: =IF(OR(E29="",F29=""),"",E29-F29) -> 0 | H29: Coincide
A30: 1.02.99 | B30: 31 | C30: 31 | D30: Coincide | E30: ='Matriz de consultas'!F31 -> 50000 | F30: 50000 | G30: =IF(OR(E30="",F30=""),"",E30-F30) -> 0 | H30: Coincide
A31: 1.03.01 | B31: 32 | C31: 32 | D31: Coincide | E31: ='Matriz de consultas'!F32 -> 43290000 | F31: 43290000 | G31: =IF(OR(E31="",F31=""),"",E31-F31) -> 0 | H31: Coincide
A32: 1.03.02 | B32: 33 | C32: 33 | D32: Coincide | E32: ='Matriz de consultas'!F33 -> 2500000 | F32: 2500000 | G32: =IF(OR(E32="",F32=""),"",E32-F32) -> 0 | H32: Coincide
A33: 1.03.03 | B33: 34 | C33: 34 | D33: Coincide | E33: ='Matriz de consultas'!F34 -> 1000000 | F33: 1000000 | G33: =IF(OR(E33="",F33=""),"",E33-F33) -> 0 | H33: Coincide
A34: 1.03.04 | B34: 35 | C34: 35 | D34: Coincide | E34: ='Matriz de consultas'!F35 -> 300000 | F34: 300000 | G34: =IF(OR(E34="",F34=""),"",E34-F34) -> 0 | H34: Coincide
A35: 1.03.07 | B35: 36 | C35: 36 | D35: Coincide | E35: ='Matriz de consultas'!F36 -> 4311703.8 | F35: 4311703.8 | G35: =IF(OR(E35="",F35=""),"",E35-F35) -> 0 | H35: Coincide
A36: 1.04.01 | B36: 37 | C36: 37 | D36: Coincide | E36: ='Matriz de consultas'!F37 -> 1650000 | F36: 1650000 | G36: =IF(OR(E36="",F36=""),"",E36-F36) -> 0 | H36: Coincide
A37: 1.04.02 | B37: 38 | C37: 38 | D37: Coincide | E37: ='Matriz de consultas'!F38 -> 20100000 | F37: 20100000 | G37: =IF(OR(E37="",F37=""),"",E37-F37) -> 0 | H37: Coincide
A38: 1.04.04 | B38: 39 | C38: 39 | D38: Coincide | E38: ='Matriz de consultas'!F39 -> 80452444 | F38: 80452444 | G38: =IF(OR(E38="",F38=""),"",E38-F38) -> 0 | H38: Coincide
... A54: 1.09.99 | B54: 55 | C54: 55 | D54: Coincide | E54: ='Matriz de consultas'!F55 -> 50000 | F54: 50000 | G54: =IF(OR(E54="",F54=""),"",E54-F54) -> 0 | H54: Coincide
A55: 2 | B55: 56 | C55: 56 | D55: Coincide | E55: ='Matriz de consultas'!F56 -> 20723300 | F55: 20723300 | G55: =IF(OR(E55="",F55=""),"",E55-F55) -> 0 | H55: Coincide
A56: 2.01.01 | B56: 57 | C56: 57 | D56: Coincide | E56: ='Matriz de consultas'!F57 -> 1200000 | F56: 1200000 | G56: =IF(OR(E56="",F56=""),"",E56-F56) -> 0 | H56: Coincide
A57: 2.01.02 | B57: 58 | C57: 58 | D57: Coincide | E57: ='Matriz de consultas'!F58 -> 120000 | F57: 120000 | G57: =IF(OR(E57="",F57=""),"",E57-F57) -> 0 | H57: Coincide
A58: 2.01.04 | B58: 59 | C58: 59 | D58: Coincide | E58: ='Matriz de consultas'!F59 -> 6061500 | F58: 6061500 | G58: =IF(OR(E58="",F58=""),"",E58-F58) -> 0 | H58: Coincide
A59: 2.02.03 | B59: 60 | C59: 60 | D59: Coincide | E59: ='Matriz de consultas'!F60 -> 399999.96 | F59: 399999.96 | G59: =IF(OR(E59="",F59=""),"",E59-F59) -> 0 | H59: Coincide
A60: 2.03.04 | B60: 61 | C60: 61 | D60: Coincide | E60: ='Matriz de consultas'!F61 -> 100000 | F60: 100000 | G60: =IF(OR(E60="",F60=""),"",E60-F60) -> 0 | H60: Coincide
A61: 2.04.02 | B61: 62 | C61: 62 | D61: Coincide | E61: ='Matriz de consultas'!F62 -> 677500 | F61: 677500 | G61: =IF(OR(E61="",F61=""),"",E61-F61) -> 0 | H61: Coincide
A62: 2.99.01 | B62: 63 | C62: 63 | D62: Coincide | E62: ='Matriz de consultas'!F63 -> 620000 | F62: 620000 | G62: =IF(OR(E62="",F62=""),"",E62-F62) -> 0 | H62: Coincide
A63: 2.99.02 | B63: 64 | C63: 64 | D63: Coincide | E63: ='Matriz de consultas'!F64 -> 2601050 | F63: 2601050 | G63: =IF(OR(E63="",F63=""),"",E63-F63) -> 0 | H63: Coincide
A64: 2.99.03 | B64: 65 | C64: 65 | D64: Coincide | E64: ='Matriz de consultas'!F65 -> 700000 | F64: 700000 | G64: =IF(OR(E64="",F64=""),"",E64-F64) -> 0 | H64: Coincide
A65: 2.99.04 | B65: 66 | C65: 66 | D65: Coincide | E65: ='Matriz de consultas'!F66 -> 747500 | F65: 747500 | G65: =IF(OR(E65="",F65=""),"",E65-F65) -> 0 | H65: Coincide
A66: 2.99.05 | B66: 67 | C66: 67 | D66: Coincide | E66: ='Matriz de consultas'!F67 -> 6387500 | F66: 6387500 | G66: =IF(OR(E66="",F66=""),"",E66-F66) -> 0 | H66: Coincide
A67: 2.99.06 | B67: 68 | C67: 68 | D67: Coincide | E67: ='Matriz de consultas'!F68 -> 1003250 | F67: 1003250 | G67: =IF(OR(E67="",F67=""),"",E67-F67) -> 0 | H67: Coincide
... A69: 2.99.99 | B69: 70 | C69: 70 | D69: Coincide | E69: ='Matriz de consultas'!F70 -> 30000 | F69: 30000 | G69: =IF(OR(E69="",F69=""),"",E69-F69) -> 0 | H69: Coincide
A70: 5 | B70: 71 | C70: 71 | D70: Coincide | E70: ='Matriz de consultas'!F71 -> 9.292333e+08 | F70: 9.292333e+08 | G70: =IF(OR(E70="",F70=""),"",E70-F70) -> 0 | H70: Coincide
A71: 5.01.02 | B71: 72 | C71: 72 | D71: Coincide | E71: ='Matriz de consultas'!F72 -> 43325600 | F71: 43325600 | G71: =IF(OR(E71="",F71=""),"",E71-F71) -> 0 | H71: Coincide
A72: 5.99.03 | B72: 73 | C72: 74 | D72: Coincide | E72: ='Matriz de consultas'!F73 -> 8.859077e+08 | F72: 8.859077e+08 | G72: =IF(OR(E72="",F72=""),"",E72-F72) -> 0 | H72: Coincide
A73: 6 | B73: 74 | C73: 75 | D73: Coincide | E73: ='Matriz de consultas'!F74 -> 2.5183874e+08 | F73: 2.5183874e+08 | G73: =IF(OR(E73="",F73=""),"",E73-F73) -> 0 | H73: Coincide
A74: 6.02.01 | B74: 75 | C74: 76 | D74: Coincide | E74: ='Matriz de consultas'!F75 -> 0 | F74: 0 | G74: =IF(OR(E74="",F74=""),"",E74-F74) -> 0 | H74: Coincide
A75: 6.02.02 | B75: 76 | C75: 77 | D75: Coincide | E75: ='Matriz de consultas'!F76 -> 1500000 | F75: 1500000 | G75: =IF(OR(E75="",F75=""),"",E75-F75) -> 0 | H75: Coincide
A76: 6.02.03 | B76: 77 | C76: 78 | D76: Coincide | E76: ='Matriz de consultas'!F77 -> 2784610 | F76: 2784610 | G76: =IF(OR(E76="",F76=""),"",E76-F76) -> 0 | H76: Coincide
A77: 6.03.01 | B77: 78 | C77: 79 | D77: Coincide | E77: ='Matriz de consultas'!F78 -> 20000000 | F77: 20000000 | G77: =IF(OR(E77="",F77=""),"",E77-F77) -> 0 | H77: Coincide
A78: 6.03.99 | B78: 79 | C78: 80 | D78: Coincide | E78: ='Matriz de consultas'!F79 -> 100000000 | F78: 100000000 | G78: =IF(OR(E78="",F78=""),"",E78-F78) -> 0 | H78: Coincide
A79: 6.06.01 | B79: 80 | C79: 81 | D79: Coincide | E79: ='Matriz de consultas'!F80 -> 98325600 | F79: 98325600 | G79: =IF(OR(E79="",F79=""),"",E79-F79) -> 0 | H79: Coincide
A80: 6.7.01 | B80: 81 | C80: 82 | D80: Coincide | E80: ='Matriz de consultas'!F81 -> 29228533 | F80: 29228533 | G80: =IF(OR(E80="",F80=""),"",E80-F80) -> 0 | H80: Coincide
A81: 9 | B81: 82 | C81: 83 | D81: Coincide | E81: ='Matriz de consultas'!F82 -> 0 | F81: 0 | G81: =IF(OR(E81="",F81=""),"",E81-F81) -> 0 | H81: Coincide
A82: 9.02.01 | B82: 83 | C82: 84 | D82: Coincide | E82: ='Matriz de consultas'!F83 -> 0 | F82: 0 | G82: =IF(OR(E82="",F82=""),"",E82-F82) -> 0 | H82: Coincide
A83: 5.01.03 | C83: 73 | D83: Falta en actual | F83: 0 | G83: =IF(OR(E83="",F83=""),"",E83-F83) | H83: Falta en actual
